 Dungeon Crawl Stone Soup version 0.29.1-12-g30fa7ad0bf (webtiles) character file.

Game seed: 10702288891351577306

9676 LustLizard the Slicer (level 11, -6/83 HPs)
             Began as a Merfolk Gladiator on Jan 19, 2023.
             Was a Follower of Uskayaw.
             Mangled by a meliai simulacrum (19 damage)
             ... on level 10 of the Dungeon.
             The game lasted 00:21:34 (12803 turns).

LustLizard the Slicer (Merfolk Gladiator)          Turns: 12803, Time: 00:21:35

Health: -6/83      AC: 14    Str: 15    XL:     11   Next: 50%
Magic:  0/17       EV: 14    Int:  8    God:    Uskayaw [*.....]
Gold:   503        SH:  0    Dex: 19    Spells: 10/10 levels left

rFire   . . .      SeeInvis .   v - +3 dagger (drain)
rCold   . . .      Faith    .   (no shield)
rNeg    . . .      Spirit   +   S - +4 scale mail {Will+}
rPois   .          Reflect  .   c - +0 helmet
rElec   .          Harm     .   L - +0 cloak
rCorr   +          Rampage  .   M - +0 pair of gloves
Will    +....                   (no boots)
Stlth   ++........              m - amulet of guardian spirit
HPRegen 0.23/turn               U - ring of resist corrosion
MPRegen 0.15/turn               (no ring)

@: studying Stealth
A: (nimble swimmer 2), mertail
a: Renounce Religion, Stomp


You were on level 10 of the Dungeon.
You worshipped Uskayaw.
Uskayaw was aware of your devotion.
You visited 2 branches of the dungeon, and saw 11 of its levels.
You also visited: Sewer.

You collected 537 gold pieces.
You spent 34 gold pieces at shops.

Inventory:

Hand Weapons
 a - a +0 rapier
 v - a +3 dagger of draining (weapon)
Missiles
 d - 4 throwing nets
 e - 7 javelins
 k - 49 poisoned darts
 y - 2 curare-tipped darts
 G - 6 atropa-tipped darts
Armour
 b - a +0 leather armour
 c - a +0 helmet (worn)
 g - a +0 ring mail
 l - a +0 scale mail
 n - a +0 chain mail
 L - a +0 cloak (worn)
 M - a +0 pair of gloves (worn)
 S - a +4 scale mail of willpower (worn)
Jewellery
 m - an amulet of guardian spirit (around neck)
 F - an amulet of magic regeneration
 U - a ring of resist corrosion (left hand)
Wands
 w - a wand of digging (3)
 E - a wand of flame (27) (quivered)
 I - a wand of iceblast (18)
 K - a wand of paralysis (14)
 R - a wand of quicksilver (7)
Scrolls
 h - a scroll of immolation {unknown}
 j - 3 scrolls of poison
 o - 3 scrolls of blinking {unknown}
 p - 3 scrolls of butterflies
 q - 3 scrolls of vulnerability {unknown}
 s - 2 scrolls of enchant weapon
 x - 2 scrolls of noise
 z - 3 scrolls of magic mapping {unknown}
 C - a scroll of fear {unknown}
 J - a scroll of enchant armour {unknown}
 P - a scroll of amnesia {unknown}
 Q - a scroll of teleportation
 T - a scroll of silence {unknown}
 V - a scroll of torment {unknown}
Potions
 f - a potion of brilliance
 i - 3 potions of cancellation
 r - 4 potions of curing
 t - 5 potions of might
 u - a potion of heal wounds
 A - 5 potions of haste
 B - 3 potions of mutation
 D - 4 potions of invisibility
 H - 2 potions of magic
 N - a potion of flight
 O - 2 potions of attraction {unknown}


   Skills:
 + Level 6.9 Fighting
 * Level 13.9 Short Blades
 - Level 2.0 Throwing
 + Level 3.4 Armour
 + Level 8.2 Dodging
 + Level 7.3 Stealth
 * Level 8.6 Invocations


You had 10 spell levels left.
You didn't know any spells.
Your spell library contained the following spells:

 Spells                   Type           Power      Damage    Failure   Level
 Apportation              Tloc           0%         N/A       85%         1
 Magic Dart               Conj           0%         1d3       85%         1
 Necrotise                Necr           0%         1d4       85%         1
 Sting                    Tmut/Pois      0%         1d3       85%         1
 Summon Small Mammal      Summ           0%         N/A       85%         1
 Poisonous Vapours        Pois/Air       0%         N/A       94%         2
 Searing Ray              Conj           0%         2d4       94%         2
 Dazzling Flash           Conj/Hex       0%         N/A       99%         3
 Fulminant Prism          Conj/Hex       0%         3d6       100%        4
 Iskenderun's Mystic Bla  Conj/Tloc      0%         2d3       100%        4
 Olgreb's Toxic Radiance  Pois           0%         N/A       100%        4
 Starburst                Conj/Fire      0%         6d3       100%        6


Dungeon Overview and Level Annotations

Branches:
Dungeon (10/15)            Temple (1/1) D:4            Lair (0/5) D:8
  Sewer (visited)
    Orc: D:9-12

Altars:
Ashenzari
Cheibriados
Dithmenos
Elyvilon
Fedhas
Gozag
Kikubaaqudgha
Makhleb
Nemelex Xobeh
Okawaru
Qazlal
Ru
Sif Muna
Trog
Uskayaw
Vehumet
Wu Jian
Xom
Yredelemnul
Zin

Shops:
D:2 *   D:8 (

Annotations:
D:3 2 transporters, Wentworth's ghost, amateur OpTm
D:9 exclusion: ice statue


Innate Abilities, Weirdness & Mutations

((You are very nimble when in or above water. (Stealth+, EV+, Speed+++)))
Your lower body shifts to a powerful aquatic tail in water.


Message History

You feel much better.
The meliai simulacrum hits you but does no damage.
The meliai simulacrum closely misses you.
The ice beast barely misses you.
The meliai simulacrum barely misses you.
The meliai simulacrum hits you. The meliai simulacrum freezes you!
You barely miss the meliai simulacrum.
The meliai simulacrum is severely damaged.
You hit the meliai simulacrum but do no damage.
The meliai simulacrum is severely damaged.
The meliai simulacrum misses you.
The meliai simulacrum closely misses you.
The ice beast hits you but does no damage.
You can no longer pass through a line of other dancers.
You closely miss the meliai simulacrum.
The meliai simulacrum is severely damaged.
The meliai simulacrum closely misses you.
The meliai simulacrum hits you but does no damage.
You hit the meliai simulacrum but do no damage.
The meliai simulacrum is severely damaged.
The meliai simulacrum barely misses you.
The meliai simulacrum hits you but does no damage.
The ice beast hits you but does no damage.
You don't have enough magic at the moment.
You hit the meliai simulacrum.
The meliai simulacrum is severely damaged.
The meliai simulacrum misses you.
The meliai simulacrum hits you but does no damage.
You barely miss the meliai simulacrum.
The meliai simulacrum is severely damaged.
The meliai simulacrum hits you but does no damage.
The meliai simulacrum hits you. The meliai simulacrum freezes you!
* * * LOW HITPOINT WARNING * * *
The ice beast barely misses you.
You hit the meliai simulacrum.
The meliai simulacrum is almost destroyed.
The meliai simulacrum hits you.
* * * LOW HITPOINT WARNING * * *
The meliai simulacrum freezes you!!
You die...

#............
#..........##
####...#####..#
##......# #..#
##.......# #..#
#........# #..#
###.#....# #..#
##...##...# #..#
#...##.@...##..#
#..#
#...#..ZY...#..#
#..#
#...##.....##..#
#..#
#...###....##..#
#..## #...#
#######..# #....
#...#
#..#####....
#...#
#..........#
#..)#
#..#####.≈.#
#...# #..# #.≈.#


You could see an ice beast and a meliai simulacrum.

Vanquished Creatures
  2 two-headed ogres
  3 death yaks (D:8)
  An unseen horror (D:10)
  A troll (D:9)
  2 hornets
  Sigmund (D:7)
  A shadow (D:9)
  3 wyverns
  10 yaks
  Menkaure (D:4)
  Duvessa (D:7)
  A water moccasin (D:7)
  2 orc warriors
  2 sky beasts
  An ogre (D:7)
  4 ice beasts (D:10)
  2 centaurs
  A phantom (D:5)
  3 kobold brigands
  A bullfrog (D:7)
  3 necrophages
  A scorpion (D:7)
  4 wights (D:7)
  Dowan (D:7)
  4 killer bees (D:9)
  4 howler monkeys
  7 hounds
  3 jellies
  9 orc priests
  Crazy Yiuf (D:5)
  Ijyb (D:3)
  3 iguanas
  5 orc wizards
  10 adders
  9 gnolls
  6 river rats (Sewer)
  A shadow imp (D:5)
  2 white imps
  An ufetubus (D:10)
  4 worms
  A dart slug (D:5)
  35 orcs
  8 ball pythons
  9 endoplasms
  5 giant cockroaches
  7 hobgoblins
  A jackal (D:4)
  3 quokkas
  A bat (D:2)
  4 frilled lizards
  8 goblins
  25 kobolds
  15 rats
244 creatures vanquished.

Vanquished Creatures (others)
  A human (D:4)
  2 plants (D:10)
3 creatures vanquished.

Grand Total: 247 creatures vanquished

Notes
Turn   | Place    | Note
-------+----------+-------------------------------------------
     0 | D:1      | LustLizard the Merfolk Gladiator began the quest for the
                  | Orb.
     0 | D:1      | Reached XP level 1. HP: 16/16 MP: 1/1
   427 | D:1      | Found a faded altar of an unknown god.
   725 | D:1      | Reached skill level 4 in Short Blades
   725 | D:1      | Reached XP level 2. HP: 23/23 MP: 2/2
  1133 | D:2      | Reached skill level 1 in Stealth
  1619 | D:2      | Reached XP level 3. HP: 17/28 MP: 3/3
  1976 | D:2      | Found Hozyluq's Assorted Antiques.
  1983 | D:2      | Bought a sedimented orange potion for 17 gold pieces
  1983 | D:2      | Bought a murky inky potion for 17 gold pieces
  2358 | D:3      | Noticed Ijyb
  2371 | D:3      | Killed Ijyb
  2372 | D:3      | Reached XP level 4. HP: 35/35 MP: 4/4
  2483 | D:3      | Noticed Wentworth's ghost (amateur OpTm)
  2484 | D:3      | Found a transporter.
  2485 | D:3      | Found a transporter.
  2523 | D:3      | Reached skill level 5 in Short Blades
  3097 | D:4      | Reached XP level 5. HP: 41/41 MP: 5/5
  3139 | D:4      | Reached skill level 6 in Short Blades
  3165 | D:4      | Noticed Menkaure
  3183 | D:4      | Killed Menkaure
  3184 | D:4      | Reached skill level 7 in Short Blades
  3184 | D:4      | Reached XP level 6. HP: 47/47 MP: 6/6
  3192 | D:4      | Found a glowing drain.
  3209 | D:4      | Found a staircase to the Ecumenical Temple.
  3216 | Temple   | Entered the Ecumenical Temple
  3338 | D:4      | Reached skill level 8 in Short Blades
  3376 | D:4      | Reached XP level 7. HP: 34/52 MP: 7/7
  3380 | Sewer    | Entered a sewer
  3571 | Sewer    | Reached skill level 9 in Short Blades
  4499 | D:4      | Found a hide-covered altar of Uskayaw.
  4512 | D:4      | Became a worshipper of Uskayaw the Reveller
  4522 | D:4      | Reached * piety under Uskayaw
  4525 | D:4      | Reached skill level 10 in Short Blades
  4527 | D:4      | Reached ** piety under Uskayaw
  4532 | D:4      | Reached *** piety under Uskayaw
  4538 | D:4      | Reached **** piety under Uskayaw
  4546 | D:4      | Reached ***** piety under Uskayaw
  4704 | D:4      | Found an ancient bone altar of Kikubaaqudgha.
  4835 | D:4      | Found a radiant altar of Vehumet.
  4900 | D:4      | Found a bloodstained altar of Trog.
  4932 | D:4      | Reached XP level 8. HP: 53/58 MP: 1/8
  5174 | D:4      | Reached skill level 1 in Invocations
  5587 | D:5      | Entered Level 5 of the Dungeon
  6042 | D:5      | Found a runed translucent door.
  6043 | D:5      | Noticed Crazy Yiuf
  6463 | D:5      | Killed Crazy Yiuf
  6693 | D:6      | Reached skill level 11 in Short Blades
  6870 | D:6      | Reached skill level 5 in Dodging
  7285 | D:6      | Reached XP level 9. HP: 59/65 MP: 11/11
  7287 | D:6      | Found an iron altar of Okawaru.
  7441 | D:7      | Noticed a hornet
  7800 | D:7      | Noticed Duvessa
  7800 | D:7      | Noticed Dowan
  7831 | D:7      | Killed Duvessa
  7851 | D:7      | Killed Dowan
  8096 | D:7      | Reached skill level 1 in Armour
  8330 | D:7      | Killed a hornet
  8331 | D:7      | Reached skill level 5 in Invocations
  8612 | D:7      | Reached skill level 5 in Fighting
  8624 | D:7      | Reached skill level 12 in Short Blades
  8882 | D:7      | Noticed Sigmund
  9245 | D:7      | Killed Sigmund
  9333 | D:8      | Noticed a two-headed ogre
  9354 | D:7      | Reached skill level 5 in Stealth
  9426 | D:8      | Reached XP level 10. HP: 71/74 MP: 14/14
  9705 | D:8      | Found Barraera's Weapon Shoppe.
  9742 | D:8      | Found a staircase to the Lair.
  9743 | D:8      | Noticed a death yak
  9748 | D:8      | Noticed a death yak
  9753 | D:8      | Noticed a death yak
  9908 | D:8      | Killed a two-headed ogre
 10489 | D:8      | Killed a death yak
 10517 | D:8      | Killed a death yak
 10518 | D:8      | Reached skill level 13 in Short Blades
 10534 | D:8      | Killed a death yak
 10535 | D:8      | Reached XP level 11. HP: 33/82 MP: 0/16
 11153 | D:9      | Found a snail-covered altar of Cheibriados.
 12283 | D:10     | Entered Level 10 of the Dungeon
 12283 | D:10     | Noticed a two-headed ogre
 12302 | D:10     | Killed a two-headed ogre
 12596 | D:10     | Found a glowing silver altar of Zin.
 12803 | D:10     | Mangled by a meliai simulacrum

Illustrated notes

Levels and vault maps discovered:
D:1:      elethiomel_arrival_infinity_welcomes_careful_drivers,
          layout_loops_corners, chequers_ecumenical_altar_island, st_stairs_9
D:2:      layout_rooms, serial_shops, nicolae_shop_trees,
          chequers_hall_statues_y
D:3:      layout_loops_ring, gammafunk_ghost_mausoleum, uniq_ijyb
D:4:      minmay_chambers_of_threes, layout_cave_pools, tgw_kikubaaqudgha,
          lemuel_crystal_altar, lemuel_doored_altar,
          mainiacjoe_overflow_alcove_1, minmay_temple_entry_arrows,
          portal_sewer_entry_d, kennysheep_generic_room_5, uniq_menkaure
D:5:      layout_basic, uniq_crazy_yiuf_cottage
D:6:      layout_cave_pools, kennysheep_okawaru_gauntlet
D:7:      layout_loops_corners, grunt_ministairs_9, sigmund_army, uniq_duvessa
D:8:      layout_basic, dpeg_lair_monsters, serial_shops, shop
D:9:      minmay_statue_hallways, layout_rooms, cheibriados_altar_1
D:10:     layout_long_grid, nicolae_hepliaklqana_hazy_memory,
          mainiacjoe_overflow_boulevard, lemuel_coloured_pillars_altar,
          serial_ice, serial_ice_m, serial_ice_k, serial_ice_b, serial_ice_d,
          serial_ice_o, serial_ice_c, serial_ice_g, serial_ice_a
Temple:   dshaligram_water_room_temple

Skill      XL: |  1  2  3  4  5  6  7  8  9 10 11 |
---------------+----------------------------------+-----
Short Blades   | 4 5 7 8 10 11 12 13 | 13.9
Stealth        | 1 2 3 5 6 7 |  7.3
Fighting       | 3 4 5 6 |  6.9
Invocations    | 3 6 7 8 |  8.6
Dodging        | 5 6 7 8 |  8.2
Armour         | 1 2 3 |  3.4
Throwing       | |  2.0

Action                   |  1- 3 |  4- 6 |  7- 9 | 10-12 || total
-------------------------+-------+-------+-------+-------++-------
Melee: Rapier            |    75 |       |       |       ||    75
       Punch             |     3 |     4 |     6 |     5 ||    18
       Dagger            |    25 |   116 |   654 |   372 ||  1167
       Tailslap          |       |     1 |     9 |       ||    10
Throw: Throwing net      |       |     1 |     1 |       ||     2
       Dart              |       |       |     4 |     5 ||     9
Invok: Stomp             |       |       |     7 |     7 ||    14
       Line Pass         |       |       |       |     1 ||     1
Evoke: Wand              |       |       |     1 |     5 ||     6
  Use: Scroll            |       |       |    11 |     5 ||    16
       Potion            |       |       |       |     2 ||     2
 Stab: Sleeping          |     1 |       |       |       ||     1
       Held in net/web   |       |     1 |     1 |       ||     2
       Paralysed         |       |       |    13 |    17 ||    30
Armor: Ring mail         |     7 |       |       |       ||     7
       Leather armour    |     2 |       |       |       ||     2
       Chain mail        |    30 |    35 |   168 |       ||   233
       Scale mail        |     1 |       |     6 |    96 ||   103
Dodge: Dodged            |    36 |    28 |   162 |   127 ||   353
